Map: Ascension to Aiur LE

Players

Bly - Winner!

  • Race: Zerg Zerg
  • Spawn Location: 5:00

Dayshi

  • Race: Terran Terran
  • Spawn Location: 11:00

Event: WCS Valencia 2017

VOD

Have the link to the VOD?

Description

Time

  • Played on: July 13, 2017, 1:32 p.m.
  • Length: 21:19

All games in this series

Show
View Real Time Build Order
Export as new Build Order

Bly Zerg - Winner!

Build Orders: Pool First 

Get SALT Encoding   

  12  0:01  Drone  
  13  0:13  Overlord  
  13  0:16  Drone  
  14  0:31  Drone x2  
  16  0:42  Spawning Pool  
  15  0:43  Drone  
  17  0:50  Drone  
  18  1:04  Drone  
  18  1:17  Hatchery  
  17  1:24  Extractor  
  16  1:29  Zergling x6  
  19  1:35  Queen  
  21  1:42  Overlord  
  21  1:51  Drone  
  22  2:02  Drone  
  23  2:10  Queen  
  23  2:14  Drone  
  26  2:24  Drone  
  27  2:32  Queen  
  27  2:48  Drone x5  
  32  2:57  Overlord  
  31  3:08  Drone x2  
  31  3:10  Drone x2  
  35  3:16  Overlord  
  34  3:20  Drone x3  
  34  3:21  Drone x3  
  34  3:22  Metabolic Boost  
  40  3:29  Zergling x2  
  41  3:35  Hatchery  
  41  3:38  Drone  
  42  3:41  Drone  
  42  3:48  Queen  
  42  3:52  Queen  
  46  3:58  Zergling x6  
  46  3:59  Zergling x4  
  46  4:01  Overlord  
  51  4:06  Evolution Chamber  
  50  4:13  Zergling x4  
  51  4:25  Zergling x6  
  51  4:26  Zergling x2  
  51  4:27  Overlord  
  55  4:31  Drone x4  
  55  4:32  Zerg Ground Armor Level 1  
  59  4:42  Overlord  
  57  4:53  Zergling x2  
  57  4:54  Overlord  
  57  4:57  Overlord  
  55  5:08  Drone x3  
  55  5:09  Overlord x2  
  55  5:11  Lair  
  58  5:26  Drone x6  
  61  5:30  Drone x6  
  67  5:37  Drone  
  67  5:42  Drone  
  69  5:45  Overlord  
  69  5:47  Drone x2  
  69  5:48  Drone x2  
  73  5:51  Evolution Chamber  
  73  5:54  Roach Warren, Extractor  
  69  6:02  Drone x3  
  69  6:03  Drone x3  
  75  6:10  Drone x2  
  77  6:12  Extractor  
  73  6:23  Drone x5  
  73  6:24  Extractor  
  75  6:26  Zerg Melee Weapons Level 1  
  75  6:27  Extractor  
  75  6:28  Drone x2  
  76  6:33  Drone  
  76  6:37  Drone  
  76  6:38  Drone  
  76  6:39  Drone x3  
  81  6:43  Glial Reconstitution  
  81  6:45  Overlord  
  81  6:47  Drone x4  
  81  6:51  Zergling x2  
  86  7:03  Hatchery, Zergling x6  
  86  7:04  Zerg Ground Armor Level 2  
  86  7:07  Extractor  
  86  7:08  Hatchery, Overlord  
  87  7:10  Hatchery  
  86  7:16  Roach  
  86  7:18  Overlord x5  
  88  7:26  Infestation Pit  
  87  7:38  Roach x11  
  87  7:42  Ravager  
  110  7:45  Roach x4  
  110  7:49  Spore Crawler  
  117  7:58  Zergling x4, Roach  
  121  8:05  Hive  
  118  8:19  Burrow, Infestor x2  
  118  8:21  Zergling x14  
  118  8:22  Zergling x6  
  118  8:25  Drone x2  
  134  8:28  Overlord  
  134  8:34  Extractor  
  133  8:46  Drone  
  133  8:47  Drone x10  
  134  9:04  Zerg Melee Weapons Level 2  
  134  9:09  Spore Crawler  
  131  9:12  Overlord x4  
  131  9:13  Overlord x7  
  131  9:19  Ultralisk Cavern  
  131  9:23  Drone x3  
  131  9:24  Zerg Ground Armor Level 3, Drone x2  
  130  9:28  Adrenal Glands  
  130  9:32  Spore Crawler  
  130  9:35  Extractor  
  130  9:36  Zergling x10, Spine Crawler  
  130  9:37  Zergling x16  
  132  9:58  Drone x8  
  126  10:09  Chitinous Plating  
  123  10:16  Ultralisk x3, Hatchery  
  123  10:18  Ultralisk  
  146  10:22  Infestor, Hatchery  
  147  10:35  Ultralisk  
  163  10:57  Ultralisk x2  
  163  11:02  Ultralisk  
  166  11:19  Ultralisk  
  170  11:33  Drone  
  170  11:34  Drone x2  
  170  11:39  Spire  
  172  11:46  Ravager x5  
  178  11:47  Zergling x34  
  178  11:48  Zergling x8  
  195  12:08  Spine Crawler  
  193  12:20  Zerg Melee Weapons Level 3  
  193  12:25  Ultralisk, Zergling x2  
  193  12:26  Zergling x6  
  193  12:27  Spine Crawler  
  193  12:28  Extractor  
  190  12:30  Spine Crawler  
  167  12:46  Ultralisk x3  
  179  12:54  Greater Spire  
  174  13:07  Ultralisk x2  
  155  13:32  Zergling x24  
  130  13:49  Ultralisk  
  130  13:53  Drone  
  130  13:54  Drone x4  
  139  14:06  Infestor x2  
  130  14:20  Infestor  
  95  14:33  Ultralisk  
  92  14:40  Ultralisk  
  92  14:58  Ultralisk  
  96  15:12  Ultralisk  
  101  15:18  Drone x3  
  101  15:19  Drone x3  
  106  15:34  Infestor x3  
  112  15:41  Roach x3  
  118  16:11  Corruptor x5  
  128  16:23  Zergling x4  
  128  16:25  Zergling x2  
  131  16:31  Corruptor x2  
  137  16:37  Ravager x3  
  138  16:46  Ultralisk  
  144  16:47  Corruptor  
  146  16:58  Corruptor x2  
  150  17:10  Zerg Flyer Armor Level 1  
  150  17:15  Drone x3  
  153  17:16  Drone x2  
  154  17:40  Spore Crawler  
  154  17:41  Spore Crawler  
  152  17:50  Brood Lord x4  
  160  17:52  Brood Lord x2  
  160  17:58  Roach x3  
  169  18:20  Corruptor x4  
  177  18:37  Corruptor x3  
  178  18:44  Drone  
  178  18:45  Drone x2  
  181  19:02  Extractor, Hatchery  
  180  19:04  Extractor  
  180  19:06  Ravager  
  180  19:07  Ravager x2  
  181  19:16  Ultralisk  
  187  19:18  Zergling x6  
  174  20:06  Ultralisk x2  
  174  20:07  Ultralisk x2  
  173  20:45  Zergling x2  
  173  20:46  Zergling x10  
  197  21:07  Drone  
Show
View Real Time Build Order
Export as new Build Order

Dayshi Terran 

Build Orders: Reaper Expand, MMM Bio 

Get SALT Encoding   

  12  0:01  SCV  
  13  0:13  SCV  
  14  0:17  Supply Depot  
  14  0:25  SCV  
  15  0:29  Refinery  
  15  0:39  SCV  
  16  0:45  Barracks  
  16  0:51  SCV  
  17  1:03  SCV  
  18  1:15  SCV  
  19  1:32  Orbital Command, Reaper  
  20  1:43  Command Center  
  20  1:56  Factory  
  20  1:58  SCV  
  21  2:07  Barracks Reactor  
  21  2:08  Supply Depot  
  21  2:13  SCV  
  22  2:17  Refinery  
  22  2:25  SCV  
  23  2:37  SCV  
  23  2:41  Hellion  
  23  2:44  Marine x2  
  23  2:45  Starport  
  23  2:49  SCV  
  25  3:01  SCV  
  25  3:02  Marine x2  
  27  3:13  SCV  
  27  3:20  Marine x2, Widow Mine  
  27  3:26  SCV, Orbital Command  
  32  3:31  Medivac  
  34  3:38  Marine x2, SCV  
  37  3:50  Factory Tech Lab  
  37  3:51  SCV  
  37  3:53  SCV  
  39  4:00  Supply Depot  
  39  4:03  SCV, Viking  
  39  4:09  SCV  
  43  4:15  SCV  
  44  4:17  Marine  
  44  4:18  Marine  
  44  4:22  Siege Tank  
  49  4:25  Supply Depot  
  49  4:28  SCV  
  49  4:30  SCV  
  51  4:35  Marine x2  
  53  4:49  SCV x2  
  52  4:53  Marine x2  
  52  4:54  Liberator  
  54  5:01  SCV x2, Supply Depot  
  56  5:08  Command Center  
  56  5:13  SCV x2  
  58  5:31  SCV x2  
  58  5:33  Barracks  
  60  5:35  Barracks  
  60  5:41  Engineering Bay x2  
  59  5:43  Barracks Reactor, SCV x2  
  59  5:49  Factory Reactor  
  56  5:55  SCV x2  
  56  5:56  Refinery  
  56  5:57  Starport Reactor, Refinery  
  58  6:07  SCV x2  
  58  6:08  Terran Infantry Armor Level 1, Terran Infantry Weapons Level 1  
  57  6:19  SCV  
  57  6:20  SCV  
  57  6:21  Orbital Command, Marine  
  57  6:22  Marine  
  57  6:23  Marine  
  59  6:30  Stimpack, Barracks  
  59  6:31  Marine x2  
  61  6:34  Medivac  
  61  6:35  Factory Reactor, Medivac  
  61  6:37  SCV  
  66  6:40  Marine x2  
  66  6:41  Marine  
  66  6:43  SCV  
  70  6:48  Orbital Command  
  70  6:49  Marine x2  
  69  6:55  SCV x2  
  69  6:59  Marine x3  
  69  7:01  Barracks  
  74  7:09  SCV x2  
  74  7:14  SCV  
  77  7:19  Supply Depot x2  
  77  7:20  Reaper, Supply Depot  
  77  7:21  Marine x3, SCV  
  77  7:22  Marine  
  83  7:26  SCV  
  83  7:27  SCV  
  83  7:29  Armory  
  85  7:36  Factory Tech Lab  
  85  7:41  Marine x6, SCV x3  
  96  7:47  Medivac x2  
  96  7:50  Marine x2, Supply Depot  
  100  7:52  Marine, Supply Depot  
  100  7:53  SCV x3  
  100  7:55  Siege Tank  
  107  7:58  Marine x2  
  109  8:07  Marine  
  109  8:08  Marine  
  109  8:09  Marine  
  106  8:15  Marine  
  106  8:16  Marine x3  
  106  8:17  Medivac x2  
  106  8:18  Terran Infantry Armor Level 2, Terran Infantry Weapons Level 2  
  106  8:19  Marine x2  
  115  8:23  Supply Depot  
  115  8:25  Marine  
  115  8:26  Marine, Supply Depot  
  117  8:27  Marine, Supply Depot  
  117  8:33  Marine x3  
  117  8:34  Marine  
  122  8:35  Combat Shields  
  122  8:37  Siege Tank  
  125  8:44  Marine x4  
  129  8:54  Marine x2  
  125  9:03  Marine  
  125  9:04  Marine x6  
  125  9:06  Medivac x2  
  125  9:09  Siege Tank  
  132  9:12  Marine x2  
  132  9:13  SCV x3, Refinery  
  137  9:18  Supply Depot  
  137  9:19  Refinery  
  137  9:21  Marine x3  
  136  9:26  Factory  
  136  9:28  Marine  
  137  9:38  Marine  
  138  9:47  Marine  
  138  9:51  Marine  
  138  9:55  Marine x2  
  138  9:56  Siege Tank  
  132  10:01  Marine x3  
  132  10:02  Marine x2, Medivac x2  
  132  10:05  Marine  
  136  10:08  Barracks x2  
  136  10:09  Marine, Terran Vehicle Weapons Level 1  
  136  10:10  Barracks  
  136  10:12  Marine  
  136  10:13  Marine  
  127  10:18  Marine x2  
  127  10:19  Marine  
  127  10:20  Marine x2  
  127  10:21  Command Center  
  132  10:23  Marine  
  132  10:27  Marine  
  137  10:28  Siege Tank  
  137  10:30  Marine x2  
  137  10:34  Terran Infantry Weapons Level 3, Terran Infantry Armor Level 3  
  139  10:36  Marine x3  
  139  10:38  Marine  
  139  10:40  Marine  
  139  10:41  Marine  
  145  10:44  Marine  
  145  10:46  Medivac  
  145  10:48  Marine x2, Factory Tech Lab, Concussive Shells  
  150  10:54  Marine x3  
  154  10:59  Marine  
  154  11:00  Liberator  
  154  11:02  Barracks Tech Lab  
  154  11:03  Barracks Tech Lab  
  154  11:04  Marauder, Marine x2  
  154  11:07  Marine  
  154  11:10  Marine  
  154  11:11  Barracks Tech Lab  
  158  11:18  Marine x2, Supply Depot  
  158  11:19  Marine  
  158  11:21  Supply Depot  
  156  11:27  Marauder x3  
  154  11:33  Marauder  
  154  11:36  Siege Tank x2  
  160  11:41  Marine x2  
  160  11:45  Liberator  
  160  11:46  Liberator, Sensor Tower  
  162  11:48  Marine  
  162  11:49  Marauder x3, Marine x4  
  175  11:54  Marauder  
  175  11:58  Marine  
  175  11:59  Marine  
  183  12:10  Marauder  
  183  12:13  Marauder, Marine x2  
  183  12:14  Marauder, Marine  
  186  12:15  Marauder  
  177  12:24  Siege Tank x2  
  182  12:34  Marauder, Marine x2  
  174  12:38  Marauder x2, Marine x4  
  174  12:43  SCV  
  181  12:44  SCV  
  171  12:56  Marauder x2, Marine  
  169  13:06  Marauder x2, Marine x2  
  171  13:16  Marine  
  171  13:18  Marauder x2  
  156  13:25  Marine x3  
  140  13:27  Marauder  
  140  13:28  Marauder  
  140  13:32  Marine  
  129  13:38  Siege Tank  
  121  13:42  Marauder, Marine  
  121  13:47  Marine  
  117  13:52  Liberator  
  117  14:00  Marine x2  
  117  14:01  Marauder  
  121  14:05  Marine  
  120  14:18  Orbital Command  
  87  14:35  Marine  
  87  14:36  Marauder x2, Marine x3  
  88  14:41  Marine x2  
  83  14:46  Orbital Command  
  83  14:59  Marine  
  86  15:00  Marauder  
  85  15:09  Marine x3  
  85  15:10  Marauder, Liberator  
  85  15:13  Liberator  
  89  15:16  Marine x2  
  89  15:17  Marauder x2, Marine x2  
  89  15:20  Siege Tank  
  106  15:39  Marauder, Marine x2  
  106  15:41  Missile Turret  
  110  15:54  Marauder  
  110  15:55  Marauder x2  
  110  15:56  Marine x4  
  110  15:57  Marine x4  
  113  16:10  Refinery x2  
  113  16:11  Marauder  
  113  16:14  Marine x2  
  113  16:16  Marauder  
  119  16:24  SCV x3  
  119  16:25  SCV  
  123  16:30  Marauder x2, Marine x6  
  133  16:36  SCV x2  
  133  16:37  SCV x2, Refinery  
  137  16:41  Marauder, Marine  
  140  16:48  SCV x2  
  138  16:57  Viking  
  138  16:58  Viking  
  138  17:03  Starport  
  136  17:09  Starport  
  136  17:12  Marauder x2, Marine x4  
  144  17:17  Marauder, Marine  
  147  17:27  Viking  
  147  17:28  Viking  
  148  17:38  Marauder x2, Marine x4  
  148  17:39  Marine  
  148  17:40  Viking  
  159  17:46  Viking  
  159  17:49  Marauder  
  159  17:50  Marauder  
  165  18:09  Viking x2  
  169  18:19  Viking  
  171  18:20  Viking  
  171  18:21  Terran Ship Weapons Level 1  
  173  18:32  Marauder x3  
  178  18:39  Viking  
  169  18:43  Marine x3  
  169  18:44  Marauder, Marine, Viking  
  169  18:46  Orbital Command  
  176  18:48  Supply Depot  
  176  18:49  Viking  
  176  18:50  Viking  
  180  19:04  Marauder  
  180  19:09  Medivac  
  180  19:14  Medivac  
  181  19:19  Medivac  
  181  19:20  Medivac  
  181  19:23  Orbital Command  
  111  20:33  Orbital Command  
Tags
 
Add a new tag
Caveats
  • Supply blocks, unpowered buildings, or Contaminate may cause inaccurate times.
  • Supply counts are checked every 10 seconds.